 Dungeon Crawl Stone Soup version bcrawl-1.13.2 (webtiles) character file.

Game seed: 13814913546881405309

165097 Chiseanne the Warrior (level 17, -9/161 HPs)
             Began as a Demonspawn Archaeologist on Aug 9, 2019.
             Was an Initiate of Gozag.
             Killed by divine providence
             ... invoked by a balrug
             ... summoned by a deep elf demonologist
              (12 damage)
             ... on level 3 of the Elven Halls on Aug 10, 2019.
             The game lasted 01:50:49 (24517 turns).

Chiseanne the Warrior (Demonspawn Archaeologist)   Turns: 24517, Time: 01:50:50

Health: -9/161     AC: 22    Str: 13    XL:     17   Next: 27%
Magic:  0/35       EV: 29    Int: 17    God:    Gozag
Gold:   1349       SH:  0    Dex: 26    Spells: 23/28 levels left

rFire    + . .     SeeInvis +   w - +6 arbalest "Damnation" {damnation, *Curse} (curse)
rCold    + . .     Gourm    .   (shield currently unavailable)
rNeg     . . .     Faith    .   m - +2 ring mail of Impermeability {rPois Str+2}
rPois    +         Spirit   +   (helmet unavailable)
rElec    +         Reflect  .   O - +2 cloak of the Thief {+Fog Slay-2 SInv Stlth+}
rCorr    .         Harm     .   o - +2 pair of gloves {Dex+3}
MR       +....                  f - +2 pair of boots of the Assassin {Detection Stab+ Stlth++}
Stlth    +++++++++.             C - amulet of regeneration
HPRegen  0.76/turn              c - ring of the Skies Above {rElec rC+ MP+9}
MPRegen  0.24/turn              L - ring of protection from fire

@: agile, gold aura
A: antennae 3, iridescent scales 3, powered by pain 2, robust 1, magic shield
a: Potion Petition, Call Merchant, Bribe Branch, Renounce Religion, Evoke Fog


You were on level 3 of the Elven Halls.
You worshipped Gozag.
Gozag was most pleased with you.
You were not hungry.

You visited 7 branches of the dungeon, and saw 25 of its levels.

You collected 10970 gold pieces.
You spent 6502 gold pieces at shops.
You paid 3119 gold pieces to Gozag.

Inventory:

Hand Weapons
 a - a +9 short sword of electrocution
 d - a +3 scimitar of flaming
 q - a +0 blowgun
 s - the +11 war axe of Laecughapush {freeze, Int+4}
   (You found it on level 10 of the Dungeon)

   It has been specially enchanted to freeze those struck by it, causing extra
   injury to most foes and up to half again as much damage against particularly
   susceptible opponents.
   It can also slow down cold-blooded creatures.
   It affects your intelligence (+4).
 w - the cursed +6 arbalest "Damnation" (weapon) {damnation, *Curse}
   (You bought it in a shop on level 12 of the Dungeon)

   It curses itself when equipped.
   It has a curse placed upon it.
Missiles
 D - a throwing net {!f}
 E - 718 bolts (quivered)
Armour
 f - the +2 pair of boots of the Assassin (worn) {Detection Stab+ Stlth++}

   It makes you much more stealthy.
 m - the +2 ring mail of Impermeability (worn) {rPois Str+2}
   (You bought it in a shop on level 12 of the Dungeon)

   It affects your strength (+2).
   It protects you from poison.
 o - a +2 pair of gloves of dexterity (worn)
 A - a scarf of cloud immunity
 O - the +2 cloak of the Thief (worn) {+Fog Slay-2 SInv Stlth+}
   (You bought it in a shop on level 9 of the Dungeon)

   It affects your accuracy and damage with ranged weapons and melee attacks
   (-2).
   It lets you see invisible.
   It makes you more stealthy.
Jewellery
 c - the ring of the Skies Above (left hand) {rElec rC+ MP+9}
   (You found it on level 1 of the Snake Pit)

   [ring of magical power]

   It protects you from cold.
   It insulates you from electricity.
   It affects your magic capacity (+9).
 t - an uncursed ring of wizardry {unknown}
 C - an amulet of regeneration (around neck)
 L - a ring of protection from fire (right hand)
Wands
 G - a wand of digging (7)
 J - a wand of enslavement (25)
Scrolls
 e - 7 scrolls of remove curse
 h - 2 scrolls of fog
 j - 2 scrolls of immolation
 k - a scroll of fear
 l - 2 scrolls of enchant armour
 p - 6 scrolls of teleportation
 r - 16 scrolls of magic mapping
 y - 6 scrolls of identify
Potions
 n - 3 potions of curing
 u - 2 potions of agility
 v - 2 potions of might
 x - 2 potions of invisibility
 z - a potion of mutation
 B - a potion of brilliance
 F - 4 potions of haste
 H - 3 potions of berserk rage
 K - 3 potions of resistance
 Q - 5 potions of flight
Miscellaneous
 b - a phantom mirror
 i - a lamp of fire
Comestibles
 g - 19 rations {!d}


   Skills:
 - Level 17.1 Fighting
 - Level 5.4 Short Blades
   Level 0.8 Maces & Flails
 * Level 14.0 Crossbows
 * Level 14.6 Dodging
 - Level 10.3 Stealth
 - Level 6.0 Spellcasting
 - Level 3.8 Translocations
 - Level 11.0 Evocations


You had 23 spell levels left.
You knew the following spells:

 Your Spells              Type           Power        Failure   Level  Hunger
a - Blink                 Tloc           N/A          9%          2    None
b - Mephitic Cloud        Conj/Pois/Air  #.......     63%         3    ##.....

Your spell library contained the following spells:

 Spells                   Type           Power        Failure   Level  Hunger
 Apportation              Tloc           ###...       6%          1    None
 Animate Skeleton         Necr           N/A          28%         1    None
 Flame Tongue             Conj/Fire      #....        28%         1    None
 Freeze                   Ice            #.....       28%         1    None
 Infusion                 Chrm           #.......     28%         1    None
 Magic Dart               Conj           #...         28%         1    None
 Pain                     Necr           #...         28%         1    None
 Sandblast                Erth           #.....       28%         1    None
 Slow                     Hex            #.......     28%         1    None
 Summon Butterflies       Summ           #.......     28%         1    None
 Recall                   Summ/Tloc      N/A          36%         3    ##.....
 Call Imp                 Summ           #.......     38%         2    None
 Ensorcelled Hibernation  Hex/Ice        #.....       38%         2    None
 Passwall                 Tmut/Erth      #.......     38%         2    None
 Swiftness                Chrm/Air       #.......     38%         2    None
 Throw Frost              Conj/Ice       #.....       38%         2    None
 Conjure Flame            Conj/Fire      #.......     63%         3    ##.....
 Inner Flame              Hex/Fire       N/A          63%         3    ##.....
 Ozocubu's Armour         Chrm/Ice       #.......     63%         3    ##.....
 Regeneration             Chrm/Necr      #.........   63%         3    ##.....
 Vampiric Draining        Necr           #.........   63%         3    ##.....
 Passage of Golubria      Tloc           N/A          85%         5    #####..
 Animate Dead             Necr           N/A          95%         4    ####...
 Ice Form                 Ice/Tmut       #.......     95%         4    ####...
 Sticky Flame             Conj/Fire      #.......     95%         4    ####...
 Summon Ice Beast         Ice/Summ       #.......     95%         4    ####...
 Throw Icicle             Conj/Ice       #.......     95%         4    ####...
 Bolt of Draining         Conj/Necr      #.........   100%        5    #####..
 Fireball                 Conj/Fire      #.........   100%        5    #####..
 Iskenderun's Battlesphe  Conj/Chrm      #.......     100%        5    #####..
 Lee's Rapid Deconstruct  Erth           #.........   100%        5    #####..
 Metabolic Englaciation   Hex/Ice        #.........   100%        5    #####..
 Bolt of Cold             Conj/Ice       #.........   100%        6    #######
 Borgnjor's Vile Clutch   Necr/Erth      #.........   100%        6    #######
 Darkness                 Hex            #.........   100%        6    #######
 Death Channel            Necr           #.........   100%        6    #######
 Freezing Cloud           Conj/Ice/Air   #.........   100%        6    #######
 Invisibility             Hex            #.......     100%        6    #######
 Ozocubu's Refrigeration  Ice            #.........   100%        6    #######
 Shadow Creatures         Summ           N/A          100%        6    #######
 Simulacrum               Ice/Necr       #.........   100%        6    #######
 Icicle Burst             Conj/Ice       #.........   100%        7    #######
 Time Stop                Chrm/Tloc      N/A          100%        8    #######


Dungeon Overview and Level Annotations

Branches:
Dungeon (12/12)            Temple (1/1) D:4            Lair (6/6) D:9
 Shoals (0/3) Lair:2        Snake (1/3) Lair:4        Slime (0/5) Lair:5
    Orc (1/1) D:9             Elf (3/3) Orc          Vaults (0/3) D:11
 Depths (1/5) D:12

Altars:
Ashenzari
Dithmenos
Elyvilon
Fedhas
Gozag
Hepliaklqana
Lugonu
Makhleb
Nemelex Xobeh
Okawaru
Qazlal
Ru
Uskayaw
Vehumet
Wu Jian
Xom
Yredelemnul
Zin
Beogh
Jiyva

Shops:
D:4 (%?   D:7 *   D:9 [[   D:12 ?[(   Orc :}?[(   Elf:2 *!

Portals:
Hell: Lair:6

Annotations:
D:9 2 transporters
D:11 2 transporters, Askman's ghost, journeyman TrGl
Lair:1 2 transporters, exclusion: 2 oklob plants, Sammaje's ghost, novice MiBe
Lair:2 exclusion: oklob plant
Lair:4 1 runed translucent door, Camlann's ghost, journeyman GrAc
Elf:2 3 runed doors


Innate Abilities, Weirdness & Mutations

You have a pair of large antennae on your head. (SInv)
You are completely covered in iridescent scales. (AC +6)
You sometimes gain power by taking damage.
You are robust. (+10% HP)
When hurt, damage is shared between your health and your magic reserves.


Message History

You feel haunted.
The deep elf demonologist casts a spell.
Casting: Blink (safe; 9% risk of failure)
Confirm with . or Enter, or press ? or * to list all spells.
You blink.
Firing (i - inventory. (/) - cycle)
E - 719 bolts (quivered)
Press: ? - help, Shift-Dir - straight line, f - deep elf elementalist
Aim: a deep elf elementalist, wielding a +0 long sword (moderately wounded, repelling missiles)
You shoot a damnation bolt.
The damnation bolt hits the Executioner.
The Executioner is lightly wounded.
The damnation bolt explodes!
The damnation engulfs the Executioner.
The Executioner is heavily wounded.
The Executioner gestures at you. Pain shoots through your body!
* * * LOW HITPOINT WARNING * * *
The balrug gestures at you. Something smites you!
You die...
Your body crumbles into a pile of gold.

#.♣.........♣.# #
#..)..........# ## #
##...........## #.##
##..♣...♣..## ##### ###
#.e3
##.......#'###...###.####..
##'#######'.W.W........$.5
#.# ##............3$... #.#
#.....§...ee.e31.. #<#
#@1....W2E...##### #.#
#....e.....4## #.#
#...........# #.#
#.........$.# #.#
#...........# #.#
###.......### #.# ###...#+#
#.# #####


You could see a balrug, an Executioner, a deep elf elementalist, a freezing
wraith and 2 wraiths.

Vanquished Creatures
  Nikola (Elf:1)
  Rupert (Lair:3)
  Frances (D:12)
  A nagaraja (Snake:1)
  An azure jelly (Lair:5)
  3 deep elf sorcerers (Elf:3)
  An orc warlord (Orc)
  3 deep elf elementalists (Elf:3)
  2 very ugly things
  3 deep elf annihilators
  A deep elf death mage (Elf:2)
  An ettin (D:12)
  An ogre mage (D:6)
  A deep elf high priest (Elf:2)
  A servant of whispers (Elf:1)
  A rakshasa (D:12)
  Fannar (Lair:3)
  5 hydras
  5 naga warriors (Snake:1)
  Psyche (D:12)
  2 anacondas (Snake:1)
  A satyr (shapeshifter) (Elf:2)
  2 tengu warriors
  7 two-headed ogres
  2 centaur warriors (D:11)
  4 death yaks (Lair:4)
  17 deep elf knights
  2 naga sharpshooters (Snake:1)
  Nergalle (Lair:3)
  A shock serpent (Snake:1)
  2 orc high priests (Orc)
  A fire crab (Lair:6)
  A sixfirhy (Lair:6)
  5 skeletal warriors (D:12)
  A salamander mystic (Snake:1)
  A deep troll (D:12)
  A naga ritualist (Snake:1)
  5 unseen horrors
  4 orc knights
  20 deep elf archers
  3 cyclopes
  A wizard (Lair:6)
  An orb spider (shapeshifter) (D:12)
  2 mana vipers (Snake:1)
  4 ugly things
  Pikel (D:5)
  3 manticores
  An oklob plant (Lair:2)
  42 deep elf magi
  4 guardian serpents (Snake:1)
  13 elephants
  3 centaur zombies
  7 salamanders (Snake:1)
  A torpor snail (Lair:6)
  Joseph (D:7)
  14 black mambas
  A gargoyle (D:11)
  3 naga magi (Snake:1)
  11 cane toads
  A smoke demon (Lair:6)
  2 centaur skeletons
  7 komodo dragons
  4 rime drakes (Lair:6)
  An efreet (D:11)
  3 kobold demonologists
  An ice devil (Lair:6)
  4 red devils (Lair:6)
  4 tengu conjurers
  2 merfolk
  2 polar bears
  7 trolls
  3 saltlings (Elf:1)
  A hornet (Lair:2)
  13 blink frogs
  8 hippogriffs
  2 meliai zombies
  7 dream sheep (Lair:5)
  2 shadows
  2 air elementals
  A water elemental (Elf:2)
  A wyvern (Lair:2)
  A vampire (D:12)
  A fire elemental (Elf:2)
  18 humans
  Eustachio (D:4)
  19 yaks
  A human (shapeshifter) (D:11)
  2 hungry ghosts
  A basilisk (D:12)
  3 wargs (Orc)
  14 nagas
  A swamp worm (shapeshifter) (D:11)
  14 water moccasins
  3 acid dragons
  5 hell hounds (Lair:6)
  4 porcupines
  Duvessa (D:7)
  28 orc warriors
  3 ice beasts
  A sky beast (D:5)
  3 phantoms
  2 swamp drakes (D:9)
  An eye of draining (shapeshifter) (Elf:1)
  3 eyes of draining
  37 wolves
  A necrophage (D:5)
  8 centaurs
  9 ogres
  13 crocodiles
  3 big kobolds
  15 bullfrogs
  An earth elemental (Elf:1)
  Dowan (D:7)
  A wyvern skeleton (D:6)
  A hornet simulacrum (D:12)
  5 scorpions
  22 killer bees
  6 wights
  2 electric eels
  3 howler monkeys (D:9)
  6 crimson imps
  A bullfrog zombie (D:6)
  6 hounds
  16 orc priests
  Crazy Yiuf (D:4)
  Jessica (D:2)
  2 hell rats (Lair:6)
  7 iguanas
  16 orc wizards
  7 worker ants
  A hound zombie (D:7)
  3 hound skeletons
  A worker ant zombie (D:5)
  8 gnolls
  A howler monkey skeleton (D:9)
  12 adders
  7 river rats (Lair:6)
  3 shadow imps
  An ooze (D:2)
  An adder zombie (D:8)
  2 worms
  3 dart slugs
  2 leopard geckos
  72 orcs
  A bat (D:1)
  5 goblins
  6 hobgoblins
  17 jackals
  A quokka (D:3)
  2 ball pythons
  3 frilled lizards
  23 kobolds
  14 rats
  3 fungi
822 creatures vanquished.

Vanquished Creatures (collateral kills)
  A salamander mystic (Snake:1)
  A black mamba (Snake:1)
  A big kobold (D:12)
  A kobold (D:12)
4 creatures vanquished.

Vanquished Creatures (others)
  6 dancing weapons
  A slave (D:5)
  A centaur (D:5)
  An orc wizard (D:11)
  An adder skeleton (D:5)
  A bush (Lair:5)
  8 fungi
  6 plants (Lair:4)
25 creatures vanquished.

Grand Total: 851 creatures vanquished

Notes
Turn   | Place    | Note
-------+----------+-------------------------------------------
     0 | D:1      | Chiseanne the Demonspawn Archaeologist began the quest for
                  | the Orb.
     0 | D:1      | Reached XP level 1. HP: 15/15 MP: 1/1
   135 | D:1      | Found a shattered altar of Ashenzari.
   411 | D:1      | Reached skill level 2 in Fighting
   511 | D:1      | Gained mutation: You have a pair of small antennae on your
                  | head. [demonic ancestry]
   511 | D:1      | Reached XP level 2. HP: 22/22 MP: 2/2
  1237 | D:2      | Reached skill level 3 in Fighting
  1242 | D:2      | Gained mutation: You have a pair of antennae on your head.
                  | [demonic ancestry]
  1242 | D:2      | Reached XP level 3. HP: 20/29 MP: 3/3
  1417 | D:2      | Noticed Jessica
  1423 | D:2      | Killed Jessica
  1773 | D:2      | Gained mutation: You sometimes gain a little power by
                  | taking damage. [demonic ancestry]
  1773 | D:2      | Reached XP level 4. HP: 35/35 MP: 4/4
  2170 | D:3      | Reached skill level 5 in Stealth
  2290 | D:3      | Reached XP level 5. HP: 30/41 MP: 5/5
  2739 | D:4      | Found Awuseej's Food Emporium.
  2838 | D:4      | Found Difyricku's Magic Scroll Shoppe.
  2841 | D:4      | Bought a scroll of noise for 13 gold pieces
  2841 | D:4      | Bought a scroll of blinking for 97 gold pieces
  3148 | D:4      | Noticed Eustachio
  3173 | D:4      | Killed Eustachio
  3173 | D:4      | Reached XP level 6. HP: 46/47 MP: 6/6
  3232 | D:4      | Found a staircase to the Ecumenical Temple.
  3238 | Temple   | Entered the Ecumenical Temple
  3288 | Temple   | Became a worshipper of Gozag Ym Sagoz the Greedy
  3365 | D:4      | Bought a scroll of identify for 26 gold pieces
  3365 | D:4      | Bought a scroll of identify for 26 gold pieces
  3431 | D:4      | Reached skill level 1 in Short Blades
  3529 | D:4      | Noticed a hungry ghost
  3546 | D:4      | Killed a hungry ghost
  3546 | D:4      | Gained mutation: You are partially covered in iridescent
                  | scales. (AC +2) [demonic ancestry]
  3546 | D:4      | Reached XP level 7. HP: 52/52 MP: 7/7
  3602 | D:4      | Found Sishenk's Antique Weapon Emporium.
  3829 | D:4      | Found a runed door.
  3925 | D:4      | Noticed Crazy Yiuf
  3929 | D:4      | Killed Crazy Yiuf
  3971 | D:5      | Entered Level 5 of the Dungeon
  4067 | D:4      | Bought a blowgun for 80 gold pieces
  4109 | D:5      | Noticed Pikel
  4136 | D:5      | Killed Pikel
  4136 | D:5      | Gained mutation: You are mostly covered in iridescent
                  | scales. (AC +4) [demonic ancestry]
  4136 | D:5      | Reached XP level 8. HP: 46/58 MP: 8/8
  4384 | D:5      | Found a radiant altar of Vehumet.
  4433 | D:5      | Reached skill level 5 in Dodging
  5026 | D:4      | Bought a scroll of identify for 26 gold pieces
  5026 | D:4      | Bought a scroll of identify for 26 gold pieces
  5185 | D:6      | Noticed an ogre mage
  5231 | D:6      | Paralysed by an ogre mage for 2 turns
  5237 | D:6      | Killed an ogre mage
  5237 | D:6      | Reached skill level 5 in Short Blades
  5237 | D:6      | Reached skill level 10 in Stealth
  5237 | D:6      | Gained mutation: When hurt, damage is shared between your
                  | health and your magic reserves. [demonic ancestry]
  5237 | D:6      | Reached XP level 9. HP: 63/63 MP: 9/9
  5430 | D:6      | Reached skill level 1 in Evocations
  5580 | D:6      | Found a basalt altar of Yredelemnul.
  6043 | D:7      | Found a sparkling altar of Nemelex Xobeh.
  6063 | D:7      | Noticed a green ugly thing
  6131 | D:8      | Reached skill level 4 in Fighting
  6396 | D:4      | Bought a faintly glowing great sword for 368 gold pieces
  6397 | D:4      | Identified the +5 great sword of Bloodstone {antimagic, rF+
                  | SInv} (You bought it in a shop on level 4 of the Dungeon)
  6454 | D:4      | Bought a scroll of teleportation for 39 gold pieces
  6601 | D:7      | Found a corrupted altar of Lugonu.
  6633 | D:7      | Reached XP level 10. HP: 73/73 MP: 13/13
  6669 | D:7      | Noticed Joseph
  6681 | D:7      | Reached skill level 5 in Fighting
  6712 | D:7      | Killed Joseph
  6764 | D:7      | Noticed Dowan
  6768 | D:7      | Found Baqyveb's Assorted Antiques.
  6768 | D:7      | Noticed Duvessa
  6798 | D:7      | Killed Duvessa
  6816 | D:7      | Killed a green ugly thing
  6830 | D:7      | Reached skill level 5 in Evocations
  6838 | D:7      | Killed Dowan
  6908 | D:7      | Reached skill level 6 in Fighting
  6987 | D:7      | Bought a scroll labeled ROOXTOPNAN for 28 gold pieces
  6987 | D:7      | Bought a scroll labeled ROOXTOPNAN for 28 gold pieces
  6987 | D:7      | Bought a scroll of identify for 56 gold pieces
  6987 | D:7      | Bought a fuming cyan potion for 25 gold pieces
  6987 | D:7      | Bought a scroll of teleportation for 84 gold pieces
  7614 | D:8      | Noticed a two-headed ogre
  7639 | D:8      | Killed a two-headed ogre
  7639 | D:8      | Reached skill level 7 in Fighting
  7708 | D:8      | Reached XP level 11. HP: 66/84 MP: 11/16
  7788 | D:8      | Found a white marble altar of Elyvilon.
  8036 | D:9      | Noticed a two-headed ogre
  8061 | D:9      | Killed a two-headed ogre
  8235 | D:9      | Reached skill level 8 in Fighting
  8284 | D:9      | Found a basalt altar of Yredelemnul.
  8408 | D:9      | Found a transporter.
  8408 | D:9      | Noticed an orc knight
  8409 | D:9      | Noticed a cyclops
  8412 | D:9      | Noticed a vampire knight
  8462 | D:9      | Found a blossoming altar of Fedhas.
  8472 | D:9      | Found a transporter.
  8738 | D:9      | Found a staircase to the Lair.
  8930 | D:9      | Found a hide-covered altar of Uskayaw.
  9011 | D:9      | Found a sacrificial altar of Ru.
  9162 | D:9      | Found a staircase to the Orcish Mines.
  9432 | D:10     | Entered Level 10 of the Dungeon
  9432 | D:10     | Noticed a two-headed ogre
  9452 | D:10     | Killed a two-headed ogre
  9500 | D:9      | Bought the +2 cloak of the Thief {+Fog Slay-2 SInv Stlth+}
                  | for 317 gold pieces
  9500 | D:9      | Found the +2 cloak of the Thief {+Fog Slay-2 SInv Stlth+}
  9500 | D:9      | Bought a +0 pair of gloves of strength for 195 gold pieces
  9530 | D:9      | Bought a +2 pair of gloves of dexterity for 301 gold pieces
  9545 | D:9      | Bought a +2 leather armour of cold resistance for 323 gold
                  | pieces
  9581 | D:10     | Reached skill level 10 in Dodging
  9638 | D:10     | Reached skill level 9 in Fighting
  9705 | D:10     | Noticed a two-headed ogre
  9726 | D:10     | Noticed a cyclops
  9729 | D:10     | Killed a two-headed ogre
  9755 | D:10     | Killed a cyclops
  9761 | D:10     | Reached XP level 12. HP: 88/95 MP: 15/18
  9880 | D:10     | Got an encrusted war axe
  9899 | D:10     | Identified the +11 war axe of Laecughapush {freeze, Int+4}
                  | (You found it on level 10 of the Dungeon)
 10325 | D:4      | Bought a scroll of enchant weapon for 97 gold pieces
 10325 | D:4      | Bought a scroll of enchant weapon for 97 gold pieces
 10325 | D:4      | Bought a scroll of magic mapping for 45 gold pieces
 10505 | D:11     | Found a gate to the Vaults.
 10698 | D:11     | Noticed a tengu warrior
 10702 | D:11     | Noticed a two-headed ogre
 10723 | D:11     | Killed a two-headed ogre
 10725 | D:11     | Reached skill level 10 in Fighting
 10768 | D:11     | Killed a tengu warrior
 10815 | D:11     | Noticed a centaur warrior
 10836 | D:11     | Found a transporter.
 10848 | D:11     | Noticed an eight-headed hydra
 10850 | D:11     | Found a transporter.
 10870 | D:11     | Noticed a frost giant
 10875 | D:11     | Noticed a two-headed ogre
 10875 | D:11     | Noticed Askman's ghost (journeyman TrGl)
 10876 | D:11     | Killed a centaur warrior
 10884 | D:11     | Reached skill level 10 in Evocations
 10931 | D:11     | Noticed a five-headed hydra
 11246 | D:11     | Noticed a centaur warrior
 11444 | D:11     | Killed a centaur warrior
 11478 | D:11     | Killed a five-headed hydra
 11519 | D:11     | Noticed a two-headed ogre
 11528 | D:11     | Killed a two-headed ogre
 11528 | D:11     | Reached skill level 11 in Fighting
 11630 | D:11     | Gained mutation: You are robust. (+10% HP) [demonic
                  | ancestry]
 11630 | D:11     | Reached XP level 13. HP: 100/116 MP: 21/21
 11758 | D:12     | Entered Level 12 of the Dungeon
 11771 | D:12     | Noticed an ettin
 11782 | D:12     | Killed an ettin
 11823 | D:12     | Found a staircase to the Depths.
 12001 | D:12     | Reached skill level 1 in Spellcasting
 12045 | D:12     | Found an iron altar of Okawaru.
 12129 | D:12     | Found Juoxurr's Magic Scroll Shoppe.
 12172 | D:12     | Noticed Frances
 12314 | D:12     | Killed Frances
 12564 | D:12     | Reached skill level 12 in Fighting
 12914 | D:12     | Noticed Psyche
 13005 | D:12     | Bought a scroll of identify for 24 gold pieces
 13005 | D:12     | Bought a scroll of identify for 24 gold pieces
 13005 | D:12     | Bought a scroll of identify for 24 gold pieces
 13009 | D:12     | Bought a scroll of teleportation for 36 gold pieces
 13009 | D:12     | Bought a scroll of teleportation for 36 gold pieces
 13009 | D:12     | Bought a scroll of teleportation for 36 gold pieces
 13009 | D:12     | Bought a scroll of torment for 90 gold pieces
 13009 | D:12     | Bought a scroll of magic mapping for 42 gold pieces
 13075 | D:12     | HP: 2/118 [skeletal warrior/+0 battleaxe[a skeletal
                  | warrior] (21)]
 13255 | D:12     | Learned a level 2 spell: Blink
 13272 | D:12     | Paralysed by Psyche for 3 turns
 13275 | D:12     | Killed Psyche
 13283 | D:12     | Learned a level 3 spell: Mephitic Cloud
 13498 | D:12     | Reached skill level 1 in Translocations
 13733 | Lair:1   | Entered Level 1 of the Lair of Beasts
 13888 | Lair:1   | Reached skill level 5 in Spellcasting
 14062 | Lair:1   | Found a transporter.
 14068 | Lair:1   | Found a transporter.
 14069 | Lair:1   | Noticed Sammaje's ghost (novice MiBe)
 14369 | Lair:2   | Reached XP level 14. HP: 126/126 MP: 22/22
 14405 | Lair:2   | Found a dark tunnel.
 14972 | Lair:2   | Found a staircase to the Shoals.
 15025 | Lair:2   | Found a blossoming altar of Fedhas.
 15380 | D:12     | Bought the cursed +6 arbalest "Damnation" {damnation,
                  | *Curse} for 880 gold pieces
 15380 | D:12     | Found the cursed +6 arbalest "Damnation" {damnation,
                  | *Curse}
 15558 | Lair:3   | Noticed Nergalle
 15560 | Lair:3   | Killed Nergalle
 15560 | Lair:3   | Reached skill level 1 in Crossbows
 15917 | Lair:3   | Noticed Rupert
 15927 | Lair:3   | Killed Rupert
 15993 | Lair:3   | Noticed Fannar
 16000 | Lair:3   | Killed Fannar
 16386 | Lair:4   | Reached skill level 5 in Crossbows
 16453 | Lair:4   | Found a runed translucent door.
 16472 | Lair:4   | Found a staircase to the Snake Pit.
 16786 | Lair:4   | Identified the +1 spear of the Desolation of Salt {pierce,
                  | Int+6}
 16789 | Lair:4   | Noticed Camlann's ghost (journeyman GrAc)
 16964 | Lair:5   | Got an iridescent short sword
 16965 | Lair:5   | Identified the +10 short sword of a wizard's laboratory
                  | {pierce, rF+} (You found it on level 5 of the Lair of
                  | Beasts)
 17394 | Lair:5   | Found a runed door.
 17394 | Lair:5   | Found a viscous altar of Jiyva.
 17394 | Lair:5   | Noticed an azure jelly
 17395 | Lair:5   | Found a staircase to the Slime Pits.
 17403 | Lair:5   | Killed an azure jelly
 17663 | Lair:6   | Entered Level 6 of the Lair of Beasts
 17767 | Lair:6   | Gained mutation: You sometimes gain power by taking damage.
                  | [demonic ancestry]
 17767 | Lair:6   | Reached XP level 15. HP: 126/133 MP: 24/24
 17780 | Lair:6   | Reached skill level 10 in Crossbows
 18294 | Lair:6   | Found a burning altar of Makhleb.
 18297 | Lair:6   | Found a gateway to Hell.
 19096 | D:12     | Bought a pair of spiked gloves for 313 gold pieces
 19096 | D:12     | Bought a heavily runed ring mail for 297 gold pieces
 19097 | D:12     | Identified the +2 ring mail of Impermeability {rPois Str+2}
                  | (You bought it in a shop on level 12 of the Dungeon)
 19106 | D:12     | Identified the +1 pair of gloves "Vurij" {rF+ rCorr Dex+6
                  | Slay-3} (You bought it in a shop on level 12 of the
                  | Dungeon)
 19117 | Depths:1 | Entered Level 1 of the Depths
 19221 | Orc      | Entered the Orcish Mines
 19280 | Orc      | Noticed an orc warlord
 19283 | Orc      | Killed an orc warlord
 19428 | Orc      | Found Iraoghaq's Antique Weapon Shop.
 19430 | Orc      | Found a roughly hewn altar of Beogh.
 19434 | Orc      | Found Wozod's Antique Armour Boutique.
 19471 | Orc      | Found a staircase to the Elven Halls.
 19481 | Orc      | Found Seebbos's Magic Scroll Shop.
 19494 | Orc      | Bought a scroll of fog for 32 gold pieces
 19494 | Orc      | Bought a scroll of blinking for 120 gold pieces
 19494 | Orc      | Bought a scroll of magic mapping for 56 gold pieces
 19494 | Orc      | Bought a scroll of identify for 32 gold pieces
 19494 | Orc      | Bought a scroll of teleportation for 48 gold pieces
 19494 | Orc      | Bought a scroll of identify for 32 gold pieces
 19494 | Orc      | Bought a scroll of identify for 32 gold pieces
 19494 | Orc      | Bought a scroll of magic mapping for 56 gold pieces
 19494 | Orc      | Bought a scroll of immolation for 56 gold pieces
 19518 | Orc      | Found a roughly hewn altar of Beogh.
 19527 | Orc      | Found Boimux's Gadget Shop.
 19713 | Orc      | Found a roughly hewn altar of Beogh.
 19733 | Orc      | Found a roughly hewn altar of Beogh.
 19735 | Orc      | Found Nakka's Book Boutique.
 19922 | Orc      | Found a roughly hewn altar of Beogh.
 20209 | Orc      | Bought a manual of Fighting for 1545 gold pieces
 20469 | Snake:1  | Entered Level 1 of the Snake Pit
 20559 | Snake:1  | Noticed a nagaraja
 20562 | Snake:1  | Killed a nagaraja
 20567 | Snake:1  | Reached skill level 13 in Fighting
 20694 | Snake:1  | Reached skill level 14 in Fighting
 20772 | Snake:1  | HP: 1/139 [guardian serpent/bolt of poison (9)]
 20777 | Snake:1  | HP: 2/139 [naga warrior/+0 halberd (8)]
 21026 | Snake:1  | Reached skill level 15 in Fighting
 21271 | Snake:1  | Gained mutation: You have a pair of large antennae on your
                  | head. (SInv) [demonic ancestry]
 21271 | Snake:1  | Reached XP level 16. HP: 145/151 MP: 25/25
 21429 | Snake:1  | Reached skill level 16 in Fighting
 21667 | Snake:1  | Got a wavering jade ring
 21778 | Snake:1  | Identified the ring of the Skies Above {rElec rC+ MP+9}
                  | (You found it on level 1 of the Snake Pit)
 22491 | Elf:1    | Entered Level 1 of the Elven Halls
 22618 | Elf:1    | Got a translucent silver ring
 22625 | Elf:1    | Identified the ring "Vamnin" {rF+ rC+} (You found it on
                  | level 1 of the Elven Halls)
 22713 | Elf:1    | Noticed Nikola
 22718 | Elf:1    | Killed Nikola
 22718 | Elf:1    | Reached skill level 17 in Fighting
 22989 | Elf:1    | Identified the Handbook of Combat Magic
 23538 | Elf:2    | Noticed a deep elf blademaster
 23602 | Elf:2    | Found Engaifad's Distillery.
 23610 | Elf:2    | Bought a potion of heal wounds for 80 gold pieces
 23610 | Elf:2    | Bought a potion of curing for 48 gold pieces
 23610 | Elf:2    | Bought a potion of mutation for 128 gold pieces
 23610 | Elf:2    | Bought a potion of flight for 48 gold pieces
 23610 | Elf:2    | Bought a potion of flight for 48 gold pieces
 24036 | Elf:2    | Gained mutation: You are completely covered in iridescent
                  | scales. (AC +6) [demonic ancestry]
 24036 | Elf:2    | Reached XP level 17. HP: 117/161 MP: 26/26
 24197 | Elf:2    | Found Mareheg's Merry Market.
 24205 | Elf:2    | Bought a scroll of magic mapping for 42 gold pieces
 24273 | Elf:2    | Found a runed gate.
 24273 | Elf:2    | Found a runed gate.
 24305 | Elf:2    | Found a runed gate.
 24422 | Elf:3    | Entered Level 3 of the Elven Halls
 24517 | Elf:3    | HP: 3/161 [Executioner/nerve-wracking pain[a deep elf
                  | demonologist] (8)]
 24517 | Elf:3    | Killed from afar by a balrug

Skill      XL: |  1  2  3  4  5  6  7  8  9 10 11 12 13 14 15 16 17 |
---------------+----------------------------------------------------+-----
Fighting       | 2 3 4 7 9 11 12 15 17 | 17.1
Stealth        | 4 6 8 9 10 | 10.3
Short Blades   | 1 3 5 |  5.4
Dodging        | 3 4 6 7 8 10 11 12 14 | 14.6
Evocations     | 4 6 8 10 11 | 11.0
Spellcasting   | 5 6 |  6.0
Translocations | 2 3 |  3.8
Crossbows      | 9 12 13 14 | 14.0
Maces & Flails | |  0.8

Action                   |  1- 3 |  4- 6 |  7- 9 | 10-12 | 13-15 | 16-18 || total
-------------------------+-------+-------+-------+-------+-------+-------++-------
Melee: Short sword       |    67 |    74 |   217 |   926 |   416 |       ||  1700
       Whip              |    13 |       |       |       |       |       ||    13
       Quarterstaff      |       |       |    16 |    23 |       |       ||    39
       War axe           |       |       |       |    22 |       |       ||    22
 Fire: Blowgun           |       |       |       |    20 |     5 |       ||    25
       Arbalest          |       |       |       |       |   395 |   248 ||   643
Throw: Throwing net      |       |       |       |     1 |       |       ||     1
 Cast: Blink             |       |       |       |       |    48 |     9 ||    57
Invok: Call Merchant     |       |       |       |     2 |     2 |       ||     4
       Potion Petition   |       |       |       |       |     1 |       ||     1
Evoke: Wand              |       |     7 |     8 |     4 |     4 |     2 ||    25
       Lamp of fire      |       |       |       |     1 |     1 |       ||     2
       Sack of spiders   |       |       |       |       |     2 |       ||     2
  Use: Scroll            |     8 |     6 |     7 |    10 |    17 |     7 ||    55
       Potion            |       |       |       |     2 |     8 |     3 ||    13
 Stab: Sleeping          |     5 |     7 |    17 |    16 |    28 |       ||    73
       Distracted        |       |       |     2 |    10 |     4 |       ||    16
       Paralysed         |       |       |       |     2 |       |       ||     2
       Confused          |       |       |       |     3 |       |       ||     3
       Held in net/web   |       |       |       |     1 |     1 |       ||     2
  Eat: Chunk             |     2 |     6 |       |       |       |       ||     8
       Ration            |       |       |     4 |     4 |    11 |     2 ||    21
Armor: Robe              |    20 |    19 |    76 |   222 |       |       ||   337
       Leather armour    |       |       |       |   156 |   150 |       ||   306
       Ring mail         |       |       |       |       |       |    25 ||    25
Dodge: Dodged            |    39 |    43 |   119 |   963 |   420 |    87 ||  1671
